 Dungeon Crawl Stone Soup version 0.28.0 (webtiles) character file.

Game seed: 14861677348048495182

2835 pkoi the Cleaver (level 9, -1/74 HPs)
             Began as a Minotaur Gladiator on Feb 4, 2022.
             Was a Priest of Okawaru.
             Slain by Harold (27 damage)
             ... on level 8 of the Dungeon.
             The game lasted 00:07:08 (7975 turns).

pkoi the Cleaver (Minotaur Gladiator)               Turns: 7975, Time: 00:07:09

Health: -1/74      AC:  5    Str: 22    XL:     9   Next: 45%
Magic:  9/11       EV: 19    Int:  5    God:    Okawaru [***...]
Gold:   391        SH:  0    Dex: 13    Spells: 8/8 levels left

rFire   . . .      SeeInvis .   a - +0 war axe
rCold   . . .      Faith    .   (no shield)
rNeg    . . .      Spirit   .   b - +0 leather armour
rPois   .          Reflect  .   c - +0 hat
rElec   .          Harm     .   k - scarf {+Inv}
rCorr   .          Rampage  .   f - +0 pair of gloves
Will    .....                   (no boots)
Stlth   +++.......              (no amulet)
HPRegen 0.22/turn               g - +4 ring of evasion
MPRegen 0.12/turn               (no ring)

@: lethally poisoned (-1 -> -6), heroic
A: horns 2, retaliatory headbutt
a: Renounce Religion, Evoke Invisibility, Heroism


You were on level 8 of the Dungeon.
You worshipped Okawaru.
Okawaru was most pleased with you.
You visited 2 branches of the dungeon, and saw 9 of its levels.

You collected 391 gold pieces.

Inventory:

Hand Weapons
 a - a +0 war axe (weapon)
 l - a +2 whip of venom
 s - the +7 Throatcutter {drain, coup de grace}
   (You found it on level 5 of the Dungeon)

   A truly terrible weapon, it drains the life of any living foe it strikes.
   It may instantly kill foes which have little health.
Missiles
 d - 3 throwing nets (quivered)
Armour
 b - a +0 leather armour (worn)
 c - a +0 hat (worn)
 f - a +0 pair of gloves (worn)
 k - a scarf of invisibility (worn)
Jewellery
 g - a +4 ring of evasion (left hand)
 o - a +4 ring of protection
 r - an amulet of the acrobat
Wands
 t - a wand of polymorph (5)
 A - a wand of iceblast (7)
Scrolls
 m - 2 scrolls of immolation {unknown}
 n - a scroll of noise {unknown}
 p - a scroll of fog
 q - 3 scrolls of identify {unknown}
 v - a scroll of holy word {unknown}
 x - a scroll of silence {unknown}
 y - a scroll of teleportation {unknown}
 z - a scroll of vulnerability {unknown}
Potions
 e - 2 potions of attraction {unknown}
 h - 7 potions of curing
 i - 2 potions of flight {unknown}
 j - 2 potions of heal wounds {unknown}
 u - 2 potions of mutation {unknown}
 w - a potion of magic {unknown}


   Skills:
 + Level 5.6(10.6) Fighting
 * Level 11.4(16.4) Axes
 - Level 2.0(7.0) Throwing
 + Level 5.0(10.0) Armour
 - Level 3.2(8.2) Dodging
 + Level 5.2 Invocations
 + Level 4.0 Evocations


You had 8 spell levels left.
You didn't know any spells.
Your spell library contained the following spells:

 Spells                   Type           Power      Damage    Failure   Level
 Magic Dart               Conj           0%         1d3       52%         1
 Searing Ray              Conj           0%         2d4       65%         2
 Portal Projectile        Hex/Tloc       0%         N/A       87%         3
 Fulminant Prism          Conj/Hex       0%         3d6       99%         4
 Leda's Liquefaction      Hex/Erth       0%         N/A       99%         4
 Call Canine Familiar     Summ           Unusable   N/A       N/A         3

Dungeon Overview and Level Annotations

Branches:
Dungeon (8/15)             Temple (1/1) D:4
   Lair: D:8-11

Altars:
Ashenzari
Cheibriados
Dithmenos
Elyvilon
Fedhas
Gozag
Kikubaaqudgha
Makhleb
Nemelex Xobeh
Okawaru
Qazlal
Ru
Sif Muna
Trog
Uskayaw
Vehumet
Wu Jian
Xom
Yredelemnul
Zin
The Shining One

Shops:
D:6 =

Annotations:
D:3 2 runed translucent doors
D:5 3 runed translucent doors, Ekaitz's ghost, novice DsNe
D:8 Harold


Innate Abilities, Weirdness & Mutations

You have a pair of horns on your head.
You reflexively headbutt those who attack you in melee.


Message History

An orc is nearby!
The orc shouts!
The orc barely misses you.
You closely miss the orc. The orc barely misses you.
You slash the orc!
You kill the orc!
Okawaru accepts your kill.
You see here a +0 whip.
Done exploring.
Done exploring.
Done exploring.
Done exploring.
Done exploring.
(D) Dungeon (T) Temple
Where to? (Enter - D:7, ? - help)
There is a stone staircase leading down here.
You climb downwards.
You hear the roar of battle.
There is an entrance to a bailey on this level.
Hurry and find it before the portal closes forever!
There is a stone staircase leading up here.
Unknown command.
Found 17 stones.
Harold the Weathered comes into view.
He is wielding a +4 glaive of venom.
Harold shouts!
Harold fires a harpoon shot at you. The harpoon shot hits you!
You are yanked forward by the harpoon shot.
You gain the combat prowess of a mighty hero.
Harold hits you with a +4 glaive of venom!
* * * LOW HITPOINT WARNING * * *
You are poisoned.
You hit Harold but do no damage. You headbutt Harold, but do no damage.
You feel sick.
You barely miss Harold.
You feel sick.
Harold says, "Ah, this is what I got into this business for!"
Harold hits you with a +4 glaive of venom!
* * * LOW HITPOINT WARNING * * *
You hit Harold but do no damage.
You feel sick.
Harold hits you with a +4 glaive of venom!!
You die...

..# #.. ...
..#### ... #.#
...... #.# #.#
...... #.# #≈#
###...... #.#
#≈# #...... #<#
#≈# #.... #.#
#.# #@.#
#.######.# #@.#
#.....#..###..#
#####......##.#
#....#.##.#
##.#....#.#
#.##.#...#
#.##.....#
..##.....#
###..##..#


You could see Harold.

Vanquished Creatures
  Pikel (D:4)
  Grinder (D:4)
  A wyvern (D:7)
  Sigmund (D:4)
  An orc warrior (D:7)
  An ice beast (D:7)
  4 black bears
  A necrophage (D:6)
  A centaur (D:6)
  4 ogres
  2 lemures
  A bullfrog (D:7)
  Blork the orc (D:4)
  A water moccasin skeleton (D:3)
  3 hounds
  A bullfrog skeleton (D:6)
  A bullfrog zombie (D:6)
  A jelly (D:7)
  Crazy Yiuf (D:5)
  4 orc priests (D:7)
  Jessica (D:3)
  Natasha (thrice) (D:3)
  Terence (D:3)
  An orc wizard (D:7)
  2 hound skeletons
  5 adders
  A white imp (D:7)
  3 ufetubi
  3 dart slugs
  13 orcs
  6 endoplasms
  8 giant cockroaches
  10 goblins
  10 hobgoblins
  4 jackals (D:2)
  5 quokkas
  A ball python (D:4)
  5 bats
  3 frilled lizards
  10 kobolds
  27 rats
154 creatures vanquished.

Vanquished Creatures (others)
  5 toadstools (D:1)
5 creatures vanquished.

Grand Total: 159 creatures vanquished

Notes
Turn   | Place    | Note
-------+----------+-------------------------------------------
     0 | D:1      | pkoi the Minotaur Gladiator began the quest for the Orb.
     0 | D:1      | Reached XP level 1. HP: 18/18 MP: 0/0
    82 | D:1      | Reached skill level 4 in Axes
    92 | D:1      | Reached XP level 2. HP: 24/25 MP: 1/1
   225 | D:1      | Reached skill level 1 in Armour
   438 | D:1      | Found a faded altar of an unknown god.
   511 | D:1      | You fall into a shaft and drop 1 floor!
   511 | D:2      | Found a shimmering blue altar of Sif Muna.
   513 | D:2      | Reached XP level 3. HP: 31/31 MP: 2/2
   787 | D:2      | Noticed an ogre
   793 | D:2      | Killed an ogre
   794 | D:2      | Reached skill level 5 in Axes
   794 | D:2      | Reached XP level 4. HP: 40/40 MP: 3/3
   794 | D:2      | Reached XP level 5. HP: 46/46 MP: 4/4
  1606 | D:3      | Found a glowing golden altar of the Shining One.
  1626 | D:3      | Noticed Jessica
  1626 | D:3      | Noticed Natasha
  1629 | D:3      | Killed Jessica
  1630 | D:3      | Reached skill level 6 in Axes
  1631 | D:3      | Killed Natasha
  1735 | D:3      | Found an iron altar of Okawaru.
  1736 | D:3      | Noticed Terence
  1744 | D:3      | Became a worshipper of Warmaster Okawaru
  1754 | D:3      | Killed Terence
  1804 | D:3      | Reached XP level 6. HP: 47/52 MP: 5/5
  1870 | D:3      | Noticed Natasha
  1878 | D:3      | Killed Natasha
  2095 | D:3      | Found a large runed translucent door.
  2096 | D:3      | Found a large runed translucent door.
  2219 | D:3      | Reached skill level 7 in Axes
  2219 | D:3      | Reached skill level 1 in Invocations
  2392 | D:3      | Noticed Natasha
  2397 | D:3      | Killed Natasha
  2648 | D:3      | Found a shimmering altar of Xom.
  2713 | D:4      | Reached * piety under Okawaru
  2750 | D:4      | Noticed Blork the orc
  2768 | D:4      | Killed Blork the orc
  2769 | D:4      | Reached skill level 8 in Axes
  2769 | D:4      | Reached XP level 7. HP: 39/58 MP: 7/7
  2879 | D:4      | Found a staircase to the Ecumenical Temple.
  2904 | Temple   | Entered the Ecumenical Temple
  3216 | D:4      | Noticed Grinder
  3228 | D:4      | Paralysed by Grinder for 6 turns
  3240 | D:4      | Paralysed by Grinder for 6 turns
  3257 | D:4      | Paralysed by Grinder for 3 turns
  3267 | D:4      | Paralysed by Grinder for 7 turns
  3271 | D:4      | HP: 2/58 [hobgoblin (2)]
  3789 | D:4      | Killed Grinder
  3790 | D:4      | Reached skill level 1 in Evocations
  3884 | D:4      | Reached ** piety under Okawaru
  3885 | D:4      | Reached skill level 9 in Axes
  4164 | D:4      | Found a broken altar of Ashenzari.
  4260 | D:4      | Noticed Sigmund
  4274 | D:4      | Killed Sigmund
  4275 | D:4      | Reached XP level 8. HP: 31/66 MP: 6/9
  4485 | D:4      | Found a bloodstained altar of Trog.
  4743 | D:5      | Entered Level 5 of the Dungeon
  4743 | D:5      | Found a snail-covered altar of Cheibriados.
  4768 | D:5      | Noticed Pikel
  5084 | D:5      | Found a runed translucent gate.
  5085 | D:5      | Found a runed translucent gate.
  5086 | D:5      | Found a runed translucent gate.
  5180 | D:5      | Noticed Ekaitz's ghost (novice DsNe)
  5198 | D:5      | Found the +7 Throatcutter {drain, coup de grace}
  5452 | D:4      | Killed Pikel
  5453 | D:4      | Reached skill level 10 in Axes
  5725 | D:5      | Found a runed translucent door.
  5726 | D:5      | Noticed Crazy Yiuf
  5772 | D:5      | Killed Crazy Yiuf
  6175 | D:6      | Found Pyinephusk's Jewellery Shoppe.
  6408 | D:6      | Reached XP level 9. HP: 62/73 MP: 11/11
  6715 | D:6      | Found a burning altar of Makhleb.
  6822 | D:7      | Reached *** piety under Okawaru
  6823 | D:7      | Reached skill level 5 in Fighting
  7016 | D:7      | Reached skill level 11 in Axes
  7105 | D:7      | Reached skill level 5 in Invocations
  7644 | D:7      | Reached skill level 5 in Armour
  7884 | D:7      | Found a stormy altar of Qazlal.
  7971 | D:8      | Noticed Harold
  7975 | D:8      | Slain by Harold

Illustrated notes

Levels and vault maps discovered:
D:1:      ldierk_walled_garden, layout_loops_ring,
          chequers_ecumenical_altar_grove, minmay_pentomino_w2
D:2:      layout_loops_ring, basic_altar, minmay_rat_hole
D:3:      due_chaos_kobolds, layout_basic, nicolae_tso_carved_into_rock,
          lemuel_tele_altar, uniq_jessica, uniq_terence, uniq_natasha
D:4:      black_bear_nest_1, layout_basic, ashenzari_altar_1,
          trog_butcher_becter, minmay_temple_entry_glass,
          minmay_misc_feat_cross, uniq_sigmund, uniq_grinder, uniq_blork_the_orc
D:5:      layout_basic, mainiacjoe_overflow_concentric_impassable,
          gammafunk_ghost_split, uniq_crazy_yiuf_cottage, uniq_pikel
D:6:      layout_loops_ring, mainiacjoe_overflow_catwalk, serial_shops,
          shop_fountains, minmay_statues_item, minmay_misc_feat_square
D:7:      layout_basic, nicolae_qazlal_scattered_showers
D:8:      layout_rooms, enter_bailey_5, serial_shops, nicolae_diamond_shop,
          corexii_corridor_pit, grunt_decor_fettered, guppyfry_early_elven_hall,
          uniq_harold
Temple:   zaba_magenta_temple

Skill      XL: |  1  2  3  4  5  6  7  8  9 |
---------------+----------------------------+-----
Axes           | 4 5 6 8 9 10 11 | 11.4
Armour         | 1 2 3 4 5 |  5.0
Fighting       | 3 4 5 |  5.6
Invocations    | 2 3 4 5 |  5.2
Evocations     | 2 3 4 |  4.0
Throwing       | |  2.0
Dodging        | |  3.2

Action                   |  1- 3 |  4- 6 |  7- 9 || total
-------------------------+-------+-------+-------++-------
Melee: War axe           |    82 |    86 |   199 ||   367
       Headbutt          |    12 |    14 |    34 ||    60
       Punch             |     1 |     1 |     6 ||     8
       Whip              |       |       |     8 ||     8
Throw: Throwing net      |       |       |     1 ||     1
Invok: Heroism           |       |       |     3 ||     3
  Use: Scroll            |     1 |       |       ||     1
 Stab: Sleeping          |     1 |       |     1 ||     2
Armor: Leather armour    |    19 |    17 |    35 ||    71
Dodge: Dodged            |    67 |    74 |   149 ||   290
